 Dungeon Crawl Stone Soup version 0.22.1-1-ga44c0e5 (webtiles) character file.

1506 MatkaSiedziZTylu the Cudgeler (level 8, -7/49 HPs)
             Began as a Gargoyle Berserker on Oct 21, 2018.
             Was a Priest of Trog.
             Mangled by a komodo dragon (16 damage)
             ... on level 6 of the Dungeon.
             The game lasted 00:24:08 (5310 turns).

MatkaSiedziZTylu the Cudgeler (Gargoyle Berserker)  Turns: 5310, Time: 00:24:09

Health: -7/49      AC: 20    Str: 24    XL:     8   Next: 82%
Magic:  8/8        EV:  7    Int:  7    God:    Trog [***...]
Gold:   328        SH: 16    Dex:  9    Spells: 7/7 levels left

rFire    . . .     SeeInvis +   a - +1 mace
rCold    . . .     Gourm    .   r - +1 large shield
rNeg     + . .     Faith    .   w - +0 scale mail
rPois    ∞         Spirit   .   i - +2 helmet
rElec    +         Reflect  .   (no cloak)
rCorr    .         Harm     .   (no gloves)
MR       .....                  f - +1 pair of boots
Stlth    ..........             q - amulet of regeneration
HPRegen  0.56/turn              g - +2 ring of protection
MPRegen  0.11/turn              s - ring of see invisible

@: no status effects
A: negative energy resistance 1, electricity resistance, unbreathing,
petrification resistance, rot immunity, AC +5
a: Berserk, Trog's Hand, Renounce Religion


You were on level 6 of the Dungeon.
You worshipped Trog.
Trog was most pleased with you.
You were not hungry.

You visited 1 branch of the dungeon, and saw 7 of its levels.

You collected 328 gold pieces.

Inventory:

Hand Weapons
 a - a +1 mace (weapon)
Armour
 f - a +1 pair of boots (worn)
 i - a +2 helmet (worn)
 r - a +1 large shield (worn)
 w - a +0 scale mail (worn)
Jewellery
 g - a +2 ring of protection (left hand)
 k - an uncursed amulet of rage
 q - an amulet of regeneration (around neck)
 s - a ring of see invisible (right hand)
 y - an uncursed ring of ice
Wands
 m - a wand of paralysis (14)
Scrolls
 b - a scroll of fear
 j - 5 scrolls of teleportation
 l - 3 scrolls of remove curse
Potions
 d - a potion of haste
 e - 2 potions of agility
 h - a potion of invisibility
 n - a potion of heal wounds
 p - a potion of flight
 t - 2 potions of curing
 u - a potion of degeneration {unknown}
 v - a potion of berserk rage {unknown}
Comestibles
 c - 11 rations
 o - a chunk of flesh


   Skills:
 + Level 5.2 Fighting
 + Level 7.3 Maces & Flails
 + Level 4.7 Armour
 + Level 3.6 Dodging
 + Level 1.3 Stealth
 * Level 5.0 Shields


You had 7 spell levels left.
You didn't know any spells.
Your spell library was empty.

Dungeon Overview and Level Annotations

Branches:
Dungeon (7/15)             Temple (0/1) D:4

Altars:
Dithmenos
Makhleb
Ru
The Shining One


Innate Abilities, Weirdness & Mutations

You are resistant to torment.
Your stone body is resilient. (AC +5)
You are immune to poison.
You resist negative energy. (rN+)
You are resistant to electric shocks. (rElec)
You can survive without breathing.
You are immune to petrification.
You are immune to rotting.


Message History

You hit the komodo dragon.
The komodo dragon is severely wounded.
You block the komodo dragon's attack.
Your shield and scale mail prevent you from hitting the komodo dragon.
The komodo dragon is severely wounded.
You block the komodo dragon's attack.
You hit the komodo dragon.
The komodo dragon is almost dead.
The komodo dragon barely misses you. The komodo dragon bites you!!
* * * LOW HITPOINT WARNING * * *
You completely miss the komodo dragon.
The komodo dragon is almost dead.
You block the komodo dragon's attack.
You hit the komodo dragon but do no damage.
The komodo dragon is almost dead.
The komodo dragon barely misses you.
You hit the komodo dragon but do no damage.
The komodo dragon is almost dead.
The komodo dragon bites you!
You die...

##....<###.##.....#
#....#..#.........#
####.......###.####
####........# ###
#..#.###########..
####...)####........#
########.....>......########
####.........###.[..........###
#....#####....@l.##########....
#........#....#### #####
#...####.....##
########...#.##################
#......#..................)
#...[.#####################
#.....# #.....# #.....#


You could see a komodo dragon.

Vanquished Creatures
  Sigmund (D:2)
  2 sky beasts (D:6)
  A phantom (D:6)
  An ogre (D:4)
  A centaur (D:6)
  3 bullfrogs (D:6)
  2 scorpions
  2 hounds
  A centaur skeleton (D:5)
  2 jellies (D:5)
  A bullfrog skeleton (D:4)
  2 orc priests
  An iron imp (D:2)
  An iguana (D:4)
  2 orc wizards
  Natasha (twice) (D:2)
  A worker ant (D:5)
  2 hound skeletons
  Robin (D:2)
  6 adders
  A howler monkey skeleton (D:4)
  A shadow imp (D:6)
  4 oozes
  3 worms
  3 leopard geckos
  8 orcs
  2 giant cockroaches (D:4)
  11 goblins
  8 hobgoblins
  5 jackals
  6 kobolds
  4 quokkas (D:2)
  A ball python (D:6)
  2 bats
  5 frilled lizards
  A leopard gecko zombie (D:5)
  A quokka zombie (D:6)
  3 rats
104 creatures vanquished.

Notes
Turn   | Place    | Note
-------+----------+-------------------------------------------
     0 | D:1      | MatkaSiedziZTylu the Gargoyle Berserker began the quest for
                  | the Orb.
     0 | D:1      | Reached XP level 1. HP: 14/14 MP: 1/1
   168 | D:1      | Reached XP level 2. HP: 19/19 MP: 2/2
   376 | D:1      | Reached XP level 3. HP: 20/23 MP: 3/3
  1317 | D:2      | Reached XP level 4. HP: 24/29 MP: 4/4
  1570 | D:2      | Noticed Natasha
  1575 | D:2      | Killed Natasha
  1729 | D:2      | Found a burning altar of Makhleb.
  1740 | D:2      | Reached skill level 4 in Maces & Flails
  1740 | D:2      | Reached XP level 5. HP: 29/33 MP: 5/5
  1768 | D:2      | Reached ** piety under Trog
  1826 | D:2      | Noticed Natasha
  1835 | D:2      | Killed Natasha
  1838 | D:2      | Noticed Sigmund
  1851 | D:2      | Killed Sigmund
  1851 | D:2      | Reached skill level 5 in Maces & Flails
  1851 | D:2      | Reached XP level 6. HP: 37/39 MP: 6/6
  1876 | D:2      | Noticed Robin
  1888 | D:2      | Killed Robin
  2326 | D:3      | Found a sacrificial altar of Ru.
  2344 | D:3      | Found a glowing golden altar of the Shining One.
  2931 | D:3      | You fall through a shaft!
  3111 | D:4      | Reached XP level 7. HP: 44/44 MP: 7/7
  3299 | D:4      | Found a staircase to the Ecumenical Temple.
  3343 | D:3      | Reached skill level 1 in Stealth
  3566 | D:4      | Found a shadowy altar of Dithmenos.
  3704 | D:4      | Reached skill level 6 in Maces & Flails
  3711 | D:4      | Reached skill level 1 in Shields
  4087 | D:5      | Entered Level 5 of the Dungeon
  4228 | D:5      | Reached *** piety under Trog
  4596 | D:5      | Reached XP level 8. HP: 48/48 MP: 8/8
  4821 | D:6      | Reached skill level 5 in Fighting
  5048 | D:6      | Reached skill level 7 in Maces & Flails
  5261 | D:7      | Noticed a komodo dragon
  5293 | D:6      | Reached skill level 5 in Shields
  5310 | D:6      | Mangled by a komodo dragon

Skill      XL: |  1  2  3  4  5  6  7  8 |
---------------+-------------------------+-----
Dodging        | 2 3 |  3.6
Fighting       | 4 5 |  5.2
Maces & Flails | 4 5 6 7 |  7.3
Armour         | 3 4 |  4.7
Stealth        | 1 |  1.3
Shields        | 2 5 |  5.0

Action                   |  1- 3 |  4- 6 |  7- 9 || total
-------------------------+-------+-------+-------++-------
Melee: Mace              |   101 |    98 |   303 ||   502
Invok: Berserk           |       |     2 |       ||     2
       Trog's Hand       |       |       |     1 ||     1
  Use: Scroll            |     8 |     2 |    10 ||    20
       Potion            |       |       |     1 ||     1
  Eat: Chunk             |     1 |     4 |     2 ||     7
       Ration            |       |     2 |     1 ||     3
Armor: Animal skin       |    16 |       |       ||    16
       Ring mail         |    17 |    46 |    90 ||   153
       Scale mail        |       |       |    33 ||    33
Dodge: Dodged            |    60 |    54 |    84 ||   198
Block: Large shield      |       |       |   176 ||   176
